 Dungeon Crawl Stone Soup version 0.27-a0-291-gd9602db6ee (webtiles) character file.

Game seed: 6651896538495702905

1377 TimmaC the Protected (level 8, -1/74 HPs)
             Began as a Minotaur Berserker on Feb 10, 2021.
             Was a Believer of Trog.
             Slain by a yak (5 damage)
             ... on level 10 of the Dungeon.
             The game lasted 00:39:56 (2574 turns).

TimmaC the Protected (Minotaur Berserker)           Turns: 2574, Time: 00:39:57

Health: -1/74      AC: 23    Str: 21    XL:     8   Next: 39%
Magic:  0/7        EV: 10    Int:  4    God:    Trog [**....]
Gold:   154        SH:  0    Dex: 13    Spells: 7/7 levels left

rFire    . . .     SeeInvis .   k - +1 flail (protect)
rCold    . . .     Faith    .   (no shield)
rNeg     . . .     Spirit   +   i - +0 chain mail
rPois    .         Reflect  .   (helmet restricted)
rElec    .         Harm     .   t - +1 cloak
rCorr    .         Rampage  .   f - +0 pair of gloves (curse)
Will     .....                  p - +0 pair of boots
Stlth    ..........             s - amulet of guardian spirit
HPRegen  0.22/turn              (no ring)
MPRegen  0.10/turn              (no ring)

@: protection aura
A: retaliatory headbutt, horns 2
a: Renounce Religion, Berserk, Trog's Hand


You were on level 10 of the Dungeon.
You worshipped Trog.
Trog was pleased with you.
You visited 1 branch of the dungeon, and saw 8 of its levels.

You collected 154 gold pieces.

Inventory:

Hand Weapons
 a - a +0 falchion
 k - a +1 flail of protection (weapon)
 q - a +0 halberd
Armour
 f - a cursed +0 pair of gloves (worn)
 i - a +0 chain mail (worn)
 p - a +0 pair of boots (worn)
 t - a +1 cloak (worn)
 u - a +0 chain mail
Jewellery
 s - an amulet of guardian spirit (around neck)
Wands
 l - a wand of acid (8)
 r - a wand of iceblast (6)
Scrolls
 b - a scroll of amnesia {unknown}
 c - 4 scrolls of random uselessness {unknown}
 e - a scroll of teleportation {unknown}
 g - a scroll of remove curse {unknown}
 j - a scroll of enchant armour {unknown}
 m - a scroll of identify {unknown}
 v - a scroll of enchant weapon {unknown}
Potions
 d - a potion of haste
 h - a potion of attraction {unknown}
 n - 2 potions of heal wounds {unknown}
 o - 2 potions of degeneration {unknown}


   Skills:
 + Level 8.0 Fighting
 - Level 4.3 Long Blades
 - Level 1.8 Maces & Flails
 + Level 9.0 Armour
 + Level 4.2 Dodging


You had 7 spell levels left.
You didn't know any spells.
Your spell library was empty.

Dungeon Overview and Level Annotations

Branches:
Dungeon (7/15)
 Temple: D:4-7

Altars:
Trog

Shops:
D:7 ?


Innate Abilities, Weirdness & Mutations

You reflexively headbutt those who attack you in melee.
You have a pair of horns on your head.


Message History

You furiously retaliate!
You headbutt the yak! The yak gores you!
* * * LOW HITPOINT WARNING * * *
You sock the yak!
The yak is almost dead.
The yak misses you. You furiously retaliate!
You headbutt the yak, but do no damage. The yak barely misses you.
You furiously retaliate!
You headbutt the yak!
You kill the yak!
Trog accepts your kill.
Your Fighting skill increases to level 8!
Your Armour skill increases to level 9!
You closely miss the yak. You headbutt the yak.
The yak is lightly wounded.
The yak closely misses you. You furiously retaliate!
You headbutt the yak, but do no damage. The yak gores you!
* * * LOW HITPOINT WARNING * * *
You hit the yak. You headbutt the yak.
The yak is moderately wounded.
The yak gores you but does no damage. The yak gores you.
You die...

#.###... #.#....
#.o.... ###......
####.......#
####..........#
###..............
##Yo..............
#@Yoo.............
####............##
###.....(...##
###########


You could see 2 yaks and 3 orcs.

Vanquished Creatures
  3 yaks (D:10)
  A necrophage (D:7)
  A black bear (D:10)
  An ogre (D:6)
  2 scorpions
  3 killer bees (D:10)
  3 howler monkeys
  3 hounds
  Terence (D:2)
  An iguana (D:4)
  Natasha (twice) (D:2)
  An orc wizard (D:3)
  A worker ant (D:5)
  4 gnolls (D:2)
  An adder (D:4)
  An ufetubus (D:5)
  A worm (D:2)
  A leopard gecko (D:1)
  8 orcs
  3 bats
  A giant cockroach (D:1)
  2 goblins
  2 hobgoblins
  3 jackals (D:6)
  3 kobolds
  4 frilled lizards
  2 quokka zombies
  3 rats
62 creatures vanquished.

Notes
Turn   | Place    | Note
-------+----------+-------------------------------------------
     0 | D:1      | TimmaC the Minotaur Berserker began the quest for the Orb.
     0 | D:1      | Reached XP level 1. HP: 19/19 MP: 0/0
   101 | D:2      | Reached XP level 2. HP: 24/27 MP: 1/1
   184 | D:2      | Found a faded altar of an unknown god.
   247 | D:2      | Reached XP level 3. HP: 24/34 MP: 2/2
   254 | D:2      | Reached skill level 3 in Armour
   408 | D:2      | Noticed Terence
   424 | D:2      | Killed Terence
   425 | D:2      | Reached skill level 5 in Fighting
   425 | D:2      | Reached XP level 4. HP: 15/42 MP: 3/3
   432 | D:2      | Noticed Natasha
   441 | D:2      | HP: 2/42 [Natasha/magic dart (9)]
   443 | D:2      | Killed Natasha
   443 | D:2      | Reached ** piety under Trog
   444 | D:2      | Reached skill level 1 in Maces & Flails
   518 | D:2      | Noticed Natasha
   536 | D:2      | Killed Natasha
   812 | D:3      | Reached XP level 5. HP: 47/48 MP: 4/4
   952 | D:3      | HP: 1/48 [orc/+0 whip (2)]
  1560 | D:4      | Reached skill level 4 in Armour
  1629 | D:4      | Reached XP level 6. HP: 57/57 MP: 5/5
  1643 | D:5      | Entered Level 5 of the Dungeon
  1669 | D:5      | Reached skill level 5 in Armour
  1822 | D:5      | Found a bloodstained altar of Trog.
  1983 | D:6      | Reached skill level 6 in Armour
  1983 | D:6      | Reached XP level 7. HP: 44/64 MP: 3/6
  2021 | D:7      | Found Moask's Magic Scroll Shop.
  2099 | D:7      | You fall into a shaft and drop 3 floors!
  2099 | D:10     | Entered Level 10 of the Dungeon
  2120 | D:10     | Reached skill level 7 in Armour
  2533 | D:10     | Noticed a yak
  2536 | D:10     | Noticed a yak
  2538 | D:10     | Noticed a yak
  2543 | D:10     | Noticed a yak
  2552 | D:10     | Noticed a yak
  2560 | D:10     | Killed a yak
  2561 | D:10     | Reached skill level 8 in Armour
  2561 | D:10     | Reached XP level 8. HP: 62/73 MP: 5/7
  2573 | D:10     | Reached skill level 9 in Armour
  2574 | D:10     | Slain by a yak

Illustrated notes

Levels and vault maps discovered:
D:1:      dpeg_arrival_renting, layout_basic
D:2:      layout_loops_cross, nzn_wu_jian_contemplation, tgw_xom,
          chequers_ecumenical_altar_simple_redux, uniq_natasha, uniq_terence
D:3:      layout_basic, gammafunk_temple_overflow_statue,
          gammafunk_temple_overflow_elements, hangedman_decor_clover_reticule,
          eino_tiny_chamber
D:4:      layout_basic, good_gods_mini_temple, lemuel_coloured_pillars_altar,
          minmay_temple_entry_mini_moons, enter_ossuary_3, serial_shops, shop
D:5:      layout_loops_corners, old_standard_altar, trog_wizard, uniq_sigmund
D:6:      layout_cave_pools, water_maze_lemuel
D:7:      minmay_slanted_spiral_squares, layout_basic, lemuel_doored_altar,
          serial_shops, shop, nicolae_shop_stone, shop_coins,
          minmay_crystal_water, hangedman_glass_teeth,
          kennysheep_generic_room_4, uniq_prince_ribbit1, uniq_harold
D:10:     layout_cave_pods, lair_entry_dummy

Skill      XL: |  1  2  3  4  5  6  7  8 |
---------------+-------------------------+-----
Fighting       | 4 5 6 7 8 |  8.0
Long Blades    | 4 |  4.3
Armour         | 3 4 6 8 9 |  9.0
Maces & Flails | 1 |  1.8
Dodging        | 3 4 |  4.2

Action                   |  1- 3 |  4- 6 |  7- 9 || total
-------------------------+-------+-------+-------++-------
Melee: Mace              |    44 |       |       ||    44
       Falchion          |     5 |       |       ||     5
       Headbutt          |    10 |    18 |    13 ||    41
       Flail             |     6 |    90 |    55 ||   151
Armor: Chain mail        |    16 |    53 |    65 ||   134
       Animal skin       |     1 |       |       ||     1
Dodge: Dodged            |    34 |    47 |    63 ||   144

Table legend: (Time is in decaauts)
 A = Elapsed time spent in this place.
 B = Non-inter-level travel time spent in this place.
 C = Inter-level travel time spent in this place.
 D = Time resting spent in this place.
 E = Time spent auto-exploring this place.
 F = Levels seen in this place.
 G = Mean time per level.
                   A        B        C        D        E       F      G
               +--------+--------+--------+--------+--------+-----+--------+
         Total |   2663 |   2663 |      0 |   1030 |      0 |   8 |  332.9 |
       Dungeon |   2663 |   2663 |      0 |   1030 |      0 |   8 |  332.9 |
               +--------+--------+--------+--------+--------+-----+--------+

Top non-repeatable levels by time:
     D:2: 745 daAuts
     D:3: 676 daAuts
    D:10: 490 daAuts
     D:5: 264 daAuts
     D:4: 188 daAuts
     D:6: 115 daAuts
     D:1: 94 daAuts
     D:7: 87 daAuts
